 Dungeon Crawl Stone Soup version 0.18-a0-486-gab6c0bd (console) character file.

3936 bli the Blocker (level 10, -1/79 HPs)
             Began as a Formicid Fighter on Dec 2, 2015.
             Was a Follower of Okawaru.
             Slain by a death yak (13 damage)
             ... on level 8 of the Dungeon.
             The game lasted 00:25:10 (7198 turns).

bli the Blocker (Formicid Fighter)                  Turns: 7198, Time: 00:25:11

Health: -1/79      AC: 11    Str: 21    XL:     10   Next: 44%
Magic:  10/10      EV: 12    Int:  8    God:    Okawaru [*.....]
Gold:   359        SH: 12    Dex: 15    Spells: 0 memorised, 9 levels left

rFire  . . .     SeeInvis +     a - +5 short sword {flame, *Contam +Fly MR+ Dex+2}
rCold  . . .     Clarity  .     W - +0 scale mail
rNeg   . . .     SustAt   .     c - +0 shield
rPois  .         Gourm    .     (helmet unavailable)
rElec  .         Spirit   .     J - +0 cloak
rCorr  .         Dismiss  .     k - +0 pair of gloves
rMut   .         Stasis   +     B - +0 pair of boots
MR     ++...                    A - amulet of faith
Stlth  ..........               (no ring)
                                q - ring of loudness

@: very slightly contaminated, very resistant to hostile enchantments, extremely
unstealthy
A: permanent stasis, dig shafts and tunnels, four strong arms, antennae 3
a: Dig, Shaft Self, Heroism, Renounce Religion, Evoke Flight


You were on level 8 of the Dungeon.
You worshipped Okawaru.
Okawaru was aware of your devotion.
You were not hungry.

You visited 2 branches of the dungeon, and saw 9 of its levels.

You collected 359 gold pieces.

Inventory:

Hand Weapons
 a - the +5 short sword "Ulofahod" (weapon) {flame, *Contam +Fly MR+ Dex+2}
   (You found it on level 4 of the Dungeon)

   It has been specially enchanted to burn those struck by it, causing extra
   injury to most foes and up to half again as much damage against particularly
   susceptible opponents.
   It affects your dexterity (+2).
   It affects your resistance to hostile enchantments.
   It lets you fly.
   It causes magical contamination when unequipped.
 b - the +3 whip of Eneefy Ykkej {speed, +Inv MP-9 Int+3}
   (You found it on level 8 of the Dungeon)

   Attacks with this weapon are significantly faster.
   It affects your intelligence (+3).
   It affects your magic capacity (-9).
   It lets you turn invisible.
 y - a +0 war axe
 C - a +1 long sword of slicing
 E - a +0 whip of freezing
 H - a +3 mace
 I - a +2 quarterstaff of chaos
 R - a +1 vampiric whip
 S - a +2 morningstar of freezing
Missiles
 f - 292 stones (quivered)
Armour
 c - a +0 shield (worn)
 k - a +0 pair of gloves (worn)
 B - a +0 pair of boots (worn)
 D - a +2 robe of cold resistance
 J - a +0 cloak (worn)
 K - a +0 buckler
 O - a +0 chain mail
 W - a +0 scale mail (worn)
Jewellery
 q - a ring of loudness (left hand)
 A - an amulet of faith (around neck)
 P - an uncursed amulet of dismissal {unknown}
Wands
 z - a wand of cold (7)
 U - a wand of fireball (3)
 V - a wand of frost (39)
Scrolls
 d - a scroll of noise {unknown}
 g - 3 scrolls of identify
 j - 7 scrolls of remove curse
 l - 5 scrolls of teleportation
 o - 2 scrolls of enchant armour {unknown}
 p - a scroll of random uselessness {unknown}
 u - 2 scrolls of magic mapping {unknown}
 v - a scroll of fear {unknown}
 x - a scroll of immolation {unknown}
 F - a scroll of fog {unknown}
 N - 3 scrolls of enchant weapon
Potions
 h - 2 potions of invisibility {unknown}
 i - 6 potions of heal wounds {unknown}
 m - 2 potions of brilliance {unknown}
 n - 3 potions of haste {unknown}
 t - 5 potions of cancellation {unknown}
 w - a potion of resistance {unknown}
 G - a potion of degeneration {unknown}
 M - a potion of curing
 Q - a potion of lignification
 T - a potion of magic {unknown}
Books
 L - a book of Summonings

   Spells                             Type                      Level
   a - Recall                         Summoning/Translocation      3
   b - Aura of Abjuration             Summoning                    5
   c - Shadow Creatures               Summoning                    5
   d - Summon Demon                   Summoning                    5
   e - Summon Forest                  Summoning/Translocation      5
   f - Summon Mana Viper              Hexes/Summoning              5
Comestibles
 e - 6 bread rations
 r - 3 meat rations
 s - a royal jelly


   Skills:
 * Level 7.5 Fighting
 * Level 5.8 Short Blades
 + Level 3.3 Axes
 + Level 6.9 Armour
 + Level 4.3 Dodging
 + Level 1.6 Stealth
 * Level 10.4 Shields


You had 9 spell levels left.
You didn't know any spells.

Dungeon Overview and Level Annotations

Branches:
Dungeon (8/15)             Temple (1/1) D:7            Lair (0/8) D:8

Altars:
Ashenzari
Cheibriados
Dithmenos
Elyvilon
Fedhas
Gozag
Kikubaaqudgha
Makhleb
Nemelex Xobeh
Okawaru
Qazlal
Ru
Sif Muna
Trog
Vehumet
Xom
Yredelemnul
Zin
The Shining One

Shops:
D:6 :   D:7 (


Innate Abilities, Weirdness & Mutations

You are under a permanent stasis effect.
You can dig through walls and to a lower floor.
Your four strong arms can wield two-handed weapons with a shield.
You have a pair of large antennae on your head (SInv).


Message History

You hit the death yak. You burn the death yak.
The death yak is lightly wounded.
The death yak gores you.
You hit the death yak. You burn the death yak.
The death yak is lightly wounded.
You hit the death yak but do no damage.
The death yak is lightly wounded.
The death yak gores you!!
* * * LOW HITPOINT WARNING * * *
You hit the death yak. You burn the death yak.
The death yak is lightly wounded.
You block the death yak's attack.
You hit the death yak. You burn the death yak.
The death yak is lightly wounded.
The death yak gores you.
* * * LOW HITPOINT WARNING * * *
You puncture the death yak! You burn the death yak.
The death yak is moderately wounded.
The death yak gores you!
You die...

#.............#
#.....<.......#
.#####.........#
..<.####....######
#.#...............
###.####............
{
{......#.###>##.....
#.##...%..........
#.#....###.#######
#.#.#### #.# #. .#
#@#.# ##.######. ###
.#
#Y#o#####......>..
#..#.#
#Yo{##.....#######
#...####oo##.###.#
## #..##....##.# #.#
#..### #..#..#.#...#
#.#
#....<##.$..##...###
#.# #.?<#Y..†...##
#.#
..#####.o(...##..#
#.#
...{YY(.(...(###.#
.# ..o(.l..#..#..#
...


You could see a death yak, a yak and 3 orcs.

Vanquished Creatures
  Pikel (D:5)
  A troll (D:5)
  The ghost of M4edhros the Sneak, an amateur OpAr (D:5)
  2 yaks
  A porcupine (D:8)
  2 orc warriors
  A sky beast (D:5)
  An ice beast (D:8)
  A necrophage (D:8)
  3 ogres
  A centaur (D:8)
  2 phantoms
  A big kobold (D:7)
  Blork the orc (D:5)
  4 giant frogs
  2 scorpions
  A wyvern skeleton (D:5)
  A crimson imp (D:5)
  A quasit (D:8)
  A jelly (D:6)
  Crazy Yiuf (D:5)
  5 orc priests
  A hound (D:4)
  A giant frog skeleton (D:4)
  7 worker ants
  4 iguanas
  7 orc wizards
  A hound skeleton (D:5)
  6 adders
  12 gnolls
  A shadow imp (D:4)
  A river rat (D:8)
  An ooze (D:3)
  An adder skeleton (D:6)
  4 worms
  4 giant geckos
  30 orcs
  2 giant cockroaches (D:3)
  14 goblins
  11 hobgoblins
  4 quokkas
  4 ball pythons
  11 bats
  A giant cockroach zombie (D:6)
  3 giant newts
  6 jackals
  30 kobolds
  2 quokka skeletons
  4 rats
  6 plants
214 creatures vanquished.

Vanquished Creatures (others)
  A plant (D:3)
1 creature vanquished.

Grand Total: 215 creatures vanquished

Notes
Turn   | Place    | Note
--------------------------------------------------------------
     0 | D:1      | bli the Formicid Fighter began the quest for the Orb.
     0 | D:1      | Reached XP level 1. HP: 18/18 MP: 1/1
   204 | D:1      | Reached XP level 2. HP: 20/24 MP: 2/2
   680 | D:1      | Reached XP level 3. HP: 29/29 MP: 3/3
   797 | D:1      | Reached skill level 4 in Shields
  1492 | D:3      | Reached XP level 4. HP: 37/37 MP: 4/4
  1777 | D:3      | Reached XP level 5. HP: 9/42 MP: 5/5
  1781 | D:3      | Reached skill level 1 in Dodging
  2097 | D:3      | Reached skill level 5 in Shields
  2097 | D:3      | Reached XP level 6. HP: 37/49 MP: 6/6
  2344 | D:3      | Found a shimmering altar of Xom.
  2677 | D:4      | Got a transparent short sword
  2678 | D:4      | Identified the +5 short sword "Ulofahod" {flame, *Contam +Fly MR+ Dex+2} (You found it on level 4 of the Dungeon)
  2853 | D:4      | Reached skill level 5 in Fighting
  2853 | D:4      | Reached XP level 7. HP: 48/56 MP: 7/7
  2987 | D:4      | Reached skill level 1 in Stealth
  3154 | D:4      | Reached skill level 1 in Short Blades
  3426 | D:4      | Reached skill level 6 in Shields
  3472 | D:5      | Entered Level 5 of the Dungeon
  3472 | D:5      | Found a blossoming altar of Fedhas.
  3472 | D:5      | Noticed Blork the orc
  3498 | D:5      | Killed Blork the orc
  3498 | D:5      | Reached XP level 8. HP: 17/62 MP: 8/8
  3577 | D:5      | Noticed M4edhros's ghost (amateur OpAr)
  3604 | D:5      | Killed M4edhros's ghost
  3604 | D:5      | Reached skill level 5 in Armour
  3831 | D:5      | Reached skill level 7 in Shields
  3928 | D:5      | Noticed Crazy Yiuf
  3942 | D:5      | Killed Crazy Yiuf
  4263 | D:5      | Noticed a troll
  4271 | D:5      | Killed a troll
  4271 | D:5      | Reached XP level 9. HP: 42/69 MP: 9/9
  4282 | D:5      | Noticed Pikel
  4305 | D:5      | Killed Pikel
  4305 | D:5      | Reached skill level 8 in Shields
  4798 | D:6      | Reached skill level 9 in Shields
  5265 | D:6      | Found Lolaub's Book Emporium.
  5461 | D:7      | HP: 1/71 [orc warrior/battleaxe (10)]
  5462 | D:7      | Reached skill level 5 in Short Blades
  5714 | D:7      | Found a staircase to the Ecumenical Temple.
  5755 | Temple   | Entered the Ecumenical Temple
  6017 | D:7      | Found Geuty's Antique Weapon Emporium.
  6027 | D:7      | Found a sacrificial altar of Ru.
  6028 | D:7      | Found a stormy altar of Qazlal.
  6030 | D:7      | Found a glowing silver altar of Zin.
  6030 | D:7      | Found a snail-covered altar of Cheibriados.
  6032 | D:7      | Found an iron altar of Okawaru.
  6033 | D:7      | Found a radiant altar of Vehumet.
  6040 | D:7      | Became a worshipper of Warmaster Okawaru
  6069 | D:7      | Reached XP level 10. HP: 63/77 MP: 10/10
  6901 | D:8      | Reached * piety under Okawaru
  6933 | D:8      | Got a brightly glowing whip
  6936 | D:8      | Identified the +3 whip of Eneefy Ykkej {speed, +Inv MP-9 Int+3} (You found it on level 8 of the Dungeon)
  7046 | D:8      | Reached skill level 10 in Shields
  7095 | D:8      | Found a staircase to the Lair.
  7095 | D:8      | Noticed a death yak
  7198 | D:8      | Slain by a death yak

Vault maps used:
D:1:      minmay_arrival_split_and_join
D:3:      corexii_shack_village, xom_teletrap_fun, first_bread
D:5:      basic_altar, uniq_pikel, uniq_blork_the_orc, uniq_crazy_yiuf_cottage
D:6:      serial_shops, shop
D:7:      kennysheep_kobold_camp, grunt_temple_overflow_open,
          minmay_temple_entry_poolview, serial_shops, shop
D:8:      dpeg_lair_monsters, uniq_grum
Temple:   circular_temple_12

Action                   |  1- 3 |  4- 6 |  7- 9 | 10-12 || total
-------------------------+-------+-------+-------+-------++-------
Melee: War axe           |   126 |   167 |       |       ||   293
       Short sword       |       |    29 |   320 |   291 ||   640
Throw: Stone             |       |       |     4 |       ||     4
 Abil: Evoke Flight      |       |       |     1 |     1 ||     2
  Use: Scroll            |       |       |     4 |       ||     4
       Potion            |       |       |     2 |       ||     2
  Eat: Chunk             |     2 |     5 |    11 |     1 ||    19
       Beef jerky        |       |       |       |     2 ||     2
